 Dungeon Crawl Stone Soup version 0.20-a0-1122-gb7cbeb9 (webtiles) character file.

6 Gorice the Sneak (level 1, -4/16 HPs)
             Began as a Minotaur Enchanter on May 14, 2017.
             Slain by a gnoll
             ... wielding a +0 flail
              (5 damage)
             ... on level 1 of the Dungeon.
             The game lasted 00:00:56 (198 turns).

Gorice the Sneak (Minotaur Enchanter)                Turns: 198, Time: 00:00:57

Health: -4/16      AC:  5    Str: 12    XL:     1   Next: 75%
Magic:  1/1        EV: 10    Int: 12    God:
Gold:   23         SH:  0    Dex: 10    Spells: 1/2 levels left

rFire    . . .     SeeInvis .   j - +0 spear
rCold    . . .     Gourm    .   (no shield)
rNeg     . . .     Faith    .   e - +0 ring mail (curse)
rPois    .         Spirit   .   (helmet restricted)
rElec    .         Reflect  .   (no cloak)
rCorr    .         Harm     .   (no gloves)
MR       .....                  (no boots)
Stlth    +.........             (no amulet)
Regen    0.1/turn               (no ring)
MPRegen  0.1/turn               (no ring)

@: no status effects
A: retaliatory headbutt, horns 2
a: no special abilities


You were on level 1 of the Dungeon.
You were not hungry.

You visited 1 branch of the dungeon, and saw 1 of its levels.

You collected 23 gold pieces.

Inventory:

Hand Weapons
 a - a +1 dagger
 j - a +0 spear (weapon)
Missiles
 k - 19 sling bullets
Armour
 b - a +0 robe
 e - a cursed +0 ring mail (worn)
 h - a +0 chain mail
Potions
 g - a potion of agility {unknown}
 i - a potion of magic {unknown}
Books
 c - a book of Maledictions
Comestibles
 d - a bread ration {!e}
 f - 2 chunks of flesh


   Skills:
 + Level 1.2 Fighting
 - Level 1.4 Short Blades
 + Level 0.2 Polearms
 - Level 2.1 Dodging
 - Level 2.4 Stealth
 - Level 1.3 Spellcasting
 - Level 2.0 Hexes


You had one spell level left.
You knew the following spells:

 Your Spells              Type           Power        Failure   Level  Hunger
a - Corona                Hex            #......      28%         1    ##.....


Dungeon Overview and Level Annotations

Branches:
Dungeon (1/15)

Altars:


Innate Abilities, Weirdness & Mutations

You reflexively headbutt those who attack you in melee.
You have a pair of horns on your head.


Message History

The jackal is heavily wounded.
The jackal bites you but does no damage. x2
The jackal bites you.
Damage: 2 (max 2)
You closely miss the jackal.
The jackal is heavily wounded.
The jackal misses you. The jackal barely misses you. The jackal bites you.
* * * LOW HITPOINT WARNING * * *
The jackal barely misses you.
Damage: 2 (max 2)
You are too injured to fight recklessly!
You are too injured to fight recklessly!
You are too injured to fight recklessly!
You are too injured to fight recklessly!
The jackal bites you but does no damage.
The jackal bites you but does no damage.
The jackal completely misses you. The jackal bites you.
* * * LOW HITPOINT WARNING * * *
Damage: 3 (max 3)
The jackal bites you.
* * * LOW HITPOINT WARNING * * *
The jackal bites you but does no damage.
Damage: 3 (max 3)
The jackal barely misses you. The jackal bites you.
* * * LOW HITPOINT WARNING * * *
The jackal bites you but does no damage.
The jackal closely misses you.
Damage: 1 (max 3)
You are too injured to fight recklessly!
You are too injured to fight recklessly!
You are too injured to fight recklessly!
You are too injured to fight recklessly!
You are too injured to fight recklessly!
You are too injured to fight recklessly!
You are too injured to fight recklessly!
You hit the jackal. Your headbutt misses the jackal.
The jackal is lightly wounded.
The jackal closely misses you. You furiously retaliate!
You headbutt the jackal.
You kill the jackal!
The jackal bites you but does no damage. x2
The jackal bites you.
* * * LOW HITPOINT WARNING * * *
The gnoll barely misses you.
Damage: 2 (max 3)
The jackal bites you but does no damage.
The gnoll hits you with a flail.
You die...

######## #......# ..
#......#### ...
#.......@.## ...
#......hg..############..
#########............##..
#......#######..#..
#.........#####....
#..................
#....##..##...#....
###.#####..####......
#......g...####......


You could see a gnoll and a jackal.

Vanquished Creatures
  A dart slug (D:1)
  A goblin (D:1)
  A jackal (D:1)
  A rat (D:1)
4 creatures vanquished.

Notes
Turn   | Place    | Note
-------+----------+-------------------------------------------
     0 | D:1      | Gorice the Minotaur Enchanter began the quest for the Orb.
     0 | D:1      | Reached XP level 1. HP: 14/14 MP: 1/1
   137 | D:1      | Reached skill level 1 in Fighting
   186 | D:1      | HP: 3/16 [jackal (3)]
   194 | D:1      | HP: 3/16 [jackal (1)]
   197 | D:1      | HP: 1/16 [jackal (2)]
   198 | D:1      | Slain by a gnoll

Vault maps used:
D:1:      lightli_arrival_quake

Skill      XL: |  1 |
---------------+----+-----
Fighting       | 1 |  1.2
Short Blades   | |  1.4
Polearms       | |  0.2
Dodging        | |  2.1
Stealth        | |  2.4
Spellcasting   | |  1.3
Hexes          | |  2.0

Action                   || total
-------------------------++-------
Melee: Dagger            ||     9
       Spear             ||     8
       Headbutt          ||     1
Armor: Ring mail         ||    17
Dodge: Dodged            ||    15

Table legend:
 A = Turns spent in this place as a percentage of turns spent in the entire game.
 B = Non-inter-level travel turns spent in this place as a percentage of non-inter-level travel turns spent in the entire game.
 C = Inter-level travel turns spent in this place as a percentage of turns spent in this place.
 D = Turns resting spent in this place as a percentage of non-inter-level travel turns spent in this place.
 E = Turns spent auto-exploring this place as a percentage of non-inter-level travel turns spent in this place.
 F = Non-inter-level travel turns spent in this place divided by the number of levels of this place that you've seen.
                   A       B       C       D       E      F
               +-------+-------+-------+-------+-------+----------------------
         Total | 100.0 | 100.0 |   0.7 |   0.0 |   4.6 | 151.0
       Dungeon | 100.0 | 100.0 |   0.7 |   0.0 |   4.6 | 151.0
               +-------+-------+-------+-------+-------+----------------------

Vault maps used:
D:1:      lightli_arrival_quake
